 Dungeon Crawl Stone Soup version 0.31-a0-198-g2ad674f65e (webtiles) character file.

Game seed: 16248685847602962548

543 qw the Skirmisher (level 7, -2/40 HPs)
             Began as a Deep Elf Hunter on June 25, 2023.
             Was an Initiate of Okawaru.
             Slain by Blork the orc
             ... wielding a +1 glaive of pain
              (6 damage)
             ... on level 5 of the Dungeon.
             The game lasted 00:01:34 (4018 turns).

qw the Skirmisher (Deep Elf Hunter)                 Turns: 4018, Time: 00:01:34

Health: -2/40      AC: 14    Str: 10    XL:     7   Next: 6%
Magic:  9/9        EV:  9    Int: 19    God:    Okawaru [......]
Gold:   198        SH:  0    Dex: 18    Spells: 6/6 levels left

rFire   . . .        Y - +4 shortbow
rCold   . . .        (shield currently unavailable)
rNeg    . . .        c - +5 scale mail of Coite {Int+5}
rPois   .            (no helmet)
rElec   .            (no cloak)
rCorr   .            g - +1 pair of gloves
SInv    +            (no boots)
Will    .....        (no amulet)
Stlth   +            n - +4 ring of protection
HPRegen 0.26/turn    (no ring)
MPRegen 0.11/turn

%: no passive effects
@: no status effects
A: see invisible, deformed body
a: Renounce Religion


You were on level 5 of the Dungeon.
You worshipped Okawaru.
Okawaru was noncommittal.
You visited 2 branches of the dungeon, and saw 6 of its levels.
You also visited: Sewer.

You collected 198 gold pieces.


Innate Abilities, Weirdness & Mutations

You have supernaturally acute eyesight. (SInv)
Armour fits poorly on your strangely shaped body.


   Skills:
 - Level 2.3 Fighting
 + Level 10.5 Ranged Weapons
 - Level 1.1 Armour
 - Level 2.4 Dodging
 - Level 1.2 Stealth


You had 6 spell levels left.
You didn't know any spells.
Your spell library was empty.

Inventory:

Hand Weapons
 Y - a +4 shortbow (weapon)
Armour
 c - the +5 scale mail of Coite (worn) {Int+5}
   (You took it off a kobold on level 3 of the Dungeon)

   Int:       It affects your intelligence (+5).
 g - a +1 pair of gloves (worn)
 h - the +1 ring mail of Pride {rElec rF+ Dex+3 Slay+3}
   (You found it on level 5 of the Dungeon)

   Dex:       It affects your dexterity (+3).
   Slay:      It affects your accuracy & damage with ranged weapons and melee
   (+3).
   rF:        It protects you from fire.
   rElec:     It insulates you from electricity.
Jewellery
 n - a +4 ring of protection (left hand)
Scrolls
 a - a scroll of identify
Potions
 b - a potion of degeneration {unknown}
 e - a potion of might {unknown}
 f - a potion of mutation
 i - 3 potions of curing
 j - a potion of berserk rage {unknown}
 k - 2 potions of enlightenment
 m - a potion of attraction {unknown}

Dungeon Overview and Level Annotations

Branches:
Dungeon (5/15)             Temple (1/1) D:4           Sewer (visited)

Altars:
Ashenzari
Cheibriados
Dithmenos
Elyvilon
Fedhas
Gozag
Hepliaklqana
Makhleb
Nemelex Xobeh
Okawaru
Qazlal
Ru
Sif Muna
Trog
Uskayaw
Vehumet
Wu Jian
Xom
Zin

Shops:
D:4 :

Annotations:
D:5 Blork the orc


Message History

You stop removing your armour.
Blork the orc points at you and mumbles some strange words.
The magic dart hits you but does no damage.
4007 ||| DRINKING potion of heal wounds.
You feel much better. Blork the orc casts a spell at you.
The magic dart hits you but does no damage.
4008 ||| UPGRADING to +1 ring mail of Pride {rElec rF+ Dex+3 Slay+3}.
Blork the orc barely misses you.
You start removing your armour.
You continue taking off the +5 scale mail of Coite {Int+5}.
Blork the orc casts a spell at you.
You stop removing your armour.
The puff of flame hits you.
4010 ||| UPGRADING to +1 ring mail of Pride {rElec rF+ Dex+3 Slay+3}.
Blork the orc barely misses you.
You start removing your armour.
You continue taking off the +5 scale mail of Coite {Int+5}.
Blork the orc points at you and mumbles some strange words.
You stop removing your armour.
The puff of flame hits you!
4012 ||| UPGRADING to +1 ring mail of Pride {rElec rF+ Dex+3 Slay+3}.
Blork the orc hits you but does no damage.
You writhe in agony.
You stop removing your armour.
4013 ||| UPGRADING to +1 ring mail of Pride {rElec rF+ Dex+3 Slay+3}.
Blork the orc hits you from afar with a +1 glaive of pain.
You stop removing your armour.
You writhe in agony.
4014 ||| UPGRADING to +1 ring mail of Pride {rElec rF+ Dex+3 Slay+3}.
Blork the orc barely misses you.
You start removing your armour.
You continue taking off the +5 scale mail of Coite {Int+5}.
Blork the orc looks braver for a moment.
You continue taking off the +5 scale mail of Coite {Int+5}.
Blork the orc hits you from afar with a +1 glaive of pain!
You stop removing your armour.
4017 ||| UPGRADING to +1 ring mail of Pride {rElec rF+ Dex+3 Slay+3}.
Blork the orc barely misses you.
You start removing your armour.
You continue taking off the +5 scale mail of Coite {Int+5}.
Blork the orc hits you from afar with a +1 glaive of pain.
You stop removing your armour.
You die...

#. # #. #.# ## .##
##.###### .. .>#
........# #<
#.#####.###.##.. #o
#.##... # #.....
..#.##%##.##.##.###..###
.......@.............#
....#####.##.######..###
. #######.##.# #.<......
#.......##.# #.##..###
##########.# #.##..#
#######.###.##..#
................#
#######........###
#####.##.^.##


You could see Blork the orc.

Vanquished Creatures
  2 scorpions (D:4)
  A howler monkey (D:5)
  A sleepcap (D:4)
  A hound (D:5)
  A jelly (D:4)
  An orc priest (D:5)
  An orc wizard (D:5)
  5 gnolls (D:5)
  9 adders
  2 ufetubi (D:4)
  3 worms
  A dart slug (D:1)
  5 orcs
  5 ball pythons
  6 endoplasms
  2 giant cockroaches
  8 goblins
  4 hobgoblins
  16 jackals
  A quokka (D:4)
  4 bats
  8 frilled lizards
  7 kobolds
  2 rats (D:4)
96 creatures vanquished.

Notes
Turn   | Place    | Note
-------+----------+-------------------------------------------
     0 | D:1      | qw the Deep Elf Hunter began the quest for the Orb.
     0 | D:1      | Reached XP level 1. HP: 12/12 MP: 3/3
     0 | D:1      | 0 ||| qw: Version: 0.3-a-22-g0ed2b0b
     0 | D:1      | 0 ||| qw: Game counter: 4875
     0 | D:1      | 0 ||| qw: Melee chars always use a shield: true
     0 | D:1      | 0 ||| qw: God list: Okawaru
     0 | D:1      | 0 ||| qw: Allow faded altars: false
     0 | D:1      | 0 ||| qw: Do Orc after clearing Dungeon:15 true
     0 | D:1      | 0 ||| qw: Do second Lair branch before Depths: true
     0 | D:1      | 0 ||| qw: Lair rune preference: random
     0 | D:1      | 0 ||| qw: Goals: Normal
     0 | D:1      | 0 ||| PLANNING D:1-11
   730 | D:1      | Reached skill level 6 in Ranged Weapons
   730 | D:1      | Reached XP level 2. HP: 16/16 MP: 4/4
   751 | D:1      | 751 ||| UPGRADING to +0 pair of gloves.
   756 | D:1      | 756 ||| READING scroll labelled POCAOR ODALU.
   757 | D:1      | 757 ||| READING scroll labelled QOUDAE YLIUR.
   758 | D:1      | 758 ||| READING scroll labelled GULA IGIASM.
   759 | D:1      | 759 ||| READING scroll labelled TUUHURR ZEIGE.
   760 | D:1      | 760 ||| DROPPING scroll of butterflies.
   941 | D:2      | Found a faded altar of an unknown god.
   946 | D:2      | 946 ||| Stepping ~*~*~tactically~*~*~ (water).
  1232 | D:2      | Reached XP level 3. HP: 20/20 MP: 5/5
  1532 | D:2      | 1532 ||| UPGRADING to +0 scale mail.
  1542 | D:2      | 1542 ||| DROPPING +0 leather armour.
  1543 | D:2      | 1543 ||| UPGRADING to +0 ring mail.
  1553 | D:2      | 1553 ||| DROPPING +0 scale mail.
  1554 | D:2      | 1554 ||| READING scroll labelled QUECRARPHECI.
  1555 | D:2      | 1555 ||| DRINKING 2 blue potions.
  1629 | D:3      | Reached skill level 7 in Ranged Weapons
  1701 | D:3      | Identified the +5 scale mail of Coite {Int+5}
  1910 | D:3      | Reached XP level 4. HP: 25/25 MP: 6/6
  2182 | D:3      | 2182 ||| UPGRADING to +5 scale mail of Coite {Int+5}.
  2192 | D:3      | 2192 ||| DROPPING +0 ring mail.
  2193 | D:3      | 2193 ||| READING scroll labelled EXUCAUNAVA.
  2194 | D:3      | 2194 ||| READING scroll labelled OSSAWN AL SUPS.
  2195 | D:3      | 2195 ||| READING scroll labelled NOKUOR POSE.
  2200 | D:3      | 2200 ||| READING scroll labelled GADUD VUXI.
  2201 | D:3      | 2201 ||| DRINKING 2 lumpy grey potions.
  2243 | D:3      | 2243 ||| DRINKING 2 bubbling ruby potions.
  2244 | D:3      | 2244 ||| DROPPING potion of lignification.
  2259 | D:4      | 2259 ||| PLANNING SEWER
  2301 | D:4      | Found a staircase to the Ecumenical Temple.
  2387 | D:4      | Reached skill level 8 in Ranged Weapons
  2504 | D:4      | Found a glowing drain.
  2505 | D:4      | 2505 ||| READING scroll labelled UCZOFEI SAMO.
  2550 | D:4      | 2550 ||| DRINKING 2 fizzy black potions.
  2550 | D:4      | Gained mutation: Armour fits poorly on your strangely
                  | shaped body. [potion of mutation]
  2550 | D:4      | Gained mutation: You have supernaturally acute eyesight.
                  | (SInv) [potion of mutation]
  2566 | Sewer    | Entered a sewer
  2585 | Sewer    | 2585 ||| Stepping ~*~*~tactically~*~*~ (water).
  2588 | Sewer    | Reached XP level 5. HP: 29/29 MP: 7/7
  2593 | Sewer    | 2593 ||| Stepping ~*~*~tactically~*~*~ (water).
  2599 | Sewer    | 2599 ||| Stepping ~*~*~tactically~*~*~ (water).
  2783 | Sewer    | 2783 ||| READING 3 scrolls of enchant weapon.
  2783 | Sewer    | 2783 ||| ENCHANTING +1 shortbow.
  2784 | Sewer    | 2784 ||| READING 2 scrolls of enchant weapon.
  2784 | Sewer    | 2784 ||| ENCHANTING +2 shortbow.
  2785 | Sewer    | 2785 ||| READING scroll of enchant weapon.
  2785 | Sewer    | 2785 ||| ENCHANTING +3 shortbow.
  2807 | Sewer    | 2807 ||| Stepping ~*~*~tactically~*~*~ (water).
  2822 | Sewer    | 2822 ||| DRINKING 4 metallic purple potions.
  2826 | D:4      | 2826 ||| PLANNING TEMPLE
  2858 | Temple   | Entered the Ecumenical Temple
  2859 | Temple   | 2859 ||| PLANNING OKAWARU WORSHIP
  2865 | Temple   | Became a worshipper of Warmaster Okawaru
  2866 | Temple   | 2866 ||| PLANNING D:1-11
  2923 | D:4      | Found Xiar's Book Shoppe.
  3106 | D:4      | Reached skill level 9 in Ranged Weapons
  3132 | D:4      | 3132 ||| READING scroll of enchant armour.
  3132 | D:4      | 3132 ||| ENCHANTING +0 pair of gloves.
  3359 | D:4      | 3359 ||| UPGRADING to +4 ring of protection.
  3360 | D:4      | 3360 ||| READING scroll labelled VOJOUMETRI.
  3408 | D:5      | Entered Level 5 of the Dungeon
  3413 | D:5      | 3413 ||| STAIRDANCE
  3417 | D:4      | HP: 6/29 [orc/+0 mace (2)]
  3418 | D:4      | Reached skill level 1 in Armour
  3418 | D:4      | Reached XP level 6. HP: 7/34 MP: 8/8
  3418 | D:4      | 3418 ||| READING scroll of teleportation.
  3419 | D:4      | 3419 ||| DRINKING 3 potions of heal wounds.
  3550 | D:5      | 3550 ||| Stepping ~*~*~tactically~*~*~ (outnumbered).
  3552 | D:5      | 3552 ||| Stepping ~*~*~tactically~*~*~ (outnumbered).
  3654 | D:5      | Reached * piety under Okawaru
  3655 | D:5      | Reached skill level 10 in Ranged Weapons
  3701 | D:5      | Found a stormy altar of Qazlal.
  3715 | D:5      | 3715 ||| INVOKING Heroism.
  3729 | D:5      | 3729 ||| FLEEEEING.
  3730 | D:5      | 3730 ||| FLEEEEING.
  3731 | D:5      | 3731 ||| FLEEEEING.
  3732 | D:5      | 3732 ||| FLEEEEING.
  3783 | D:5      | Reached XP level 7. HP: 40/40 MP: 9/9
  3816 | D:5      | Identified the +1 ring mail of Pride {rElec rF+ Dex+3
                  | Slay+3}
  3984 | D:5      | Noticed Blork the orc
  3995 | D:5      | 3995 ||| UPGRADING to +1 ring mail of Pride {rElec rF+
                  | Dex+3 Slay+3}.
  3996 | D:5      | 3996 ||| UPGRADING to +1 ring mail of Pride {rElec rF+
                  | Dex+3 Slay+3}.
  3998 | D:5      | 3998 ||| UPGRADING to +1 ring mail of Pride {rElec rF+
                  | Dex+3 Slay+3}.
  3999 | D:5      | 3999 ||| UPGRADING to +1 ring mail of Pride {rElec rF+
                  | Dex+3 Slay+3}.
  3999 | D:5      | HP: 10/40 [Blork the orc/+1 glaive of pain (6)]
  4000 | D:5      | 4000 ||| DRINKING 2 potions of heal wounds.
  4001 | D:5      | 4001 ||| UPGRADING to +1 ring mail of Pride {rElec rF+
                  | Dex+3 Slay+3}.
  4002 | D:5      | 4002 ||| UPGRADING to +1 ring mail of Pride {rElec rF+
                  | Dex+3 Slay+3}.
  4003 | D:5      | 4003 ||| UPGRADING to +1 ring mail of Pride {rElec rF+
                  | Dex+3 Slay+3}.
  4004 | D:5      | 4004 ||| UPGRADING to +1 ring mail of Pride {rElec rF+
                  | Dex+3 Slay+3}.
  4005 | D:5      | 4005 ||| UPGRADING to +1 ring mail of Pride {rElec rF+
                  | Dex+3 Slay+3}.
  4006 | D:5      | HP: 10/40 [Blork the orc/+1 glaive of pain (3)]
  4007 | D:5      | 4007 ||| DRINKING potion of heal wounds.
  4008 | D:5      | 4008 ||| UPGRADING to +1 ring mail of Pride {rElec rF+
                  | Dex+3 Slay+3}.
  4010 | D:5      | 4010 ||| UPGRADING to +1 ring mail of Pride {rElec rF+
                  | Dex+3 Slay+3}.
  4012 | D:5      | 4012 ||| UPGRADING to +1 ring mail of Pride {rElec rF+
                  | Dex+3 Slay+3}.
  4013 | D:5      | 4013 ||| UPGRADING to +1 ring mail of Pride {rElec rF+
                  | Dex+3 Slay+3}.
  4014 | D:5      | 4014 ||| UPGRADING to +1 ring mail of Pride {rElec rF+
                  | Dex+3 Slay+3}.
  4016 | D:5      | HP: 3/40 [Blork the orc/+1 glaive of pain (12)]
  4017 | D:5      | 4017 ||| UPGRADING to +1 ring mail of Pride {rElec rF+
                  | Dex+3 Slay+3}.
  4018 | D:5      | Slain by Blork the orc

Levels and vault maps discovered:
D:1:      dpeg_arrival_tiny_a, layout_basic
D:2:      layout_loops_ring, nicolae_ecumenical_lake_church,
          corexii_leaking_fountain, chequers_avenue, minmay_misc_feat_cross,
          nicolae_titane
D:3:      layout_loops_ring
D:4:      layout_basic, minmay_temple_entry_wispy, cheibrodos_sewer_entry_drain,
          serial_shops, shop, chequers_mini_garden, chequers_hall_statues_y
D:5:      lemuel_castle_with_subvaults [lemuel_castle_interior_carwin_1],
          layout_loops_ring, general_overflow_altar, uniq_crazy_yiuf_cottage,
          uniq_blork_the_orc
Temple:   nicolae_temple_no_exploring_needed

Skill      XL: |  1  2  3  4  5  6 |
---------------+-------------------+-----
Ranged Weapons | 6 7 8 9 10 | 10.5
Armour         | 1 |  1.1
Fighting       | 2 |  2.3
Dodging        | |  2.4
Stealth        | |  1.2

Action                     |  1- 3 |  4- 6 |  7- 9 || total
---------------------------+-------+-------+-------++-------
   Fire: Shortbow          |    90 |   168 |    32 ||   290
 Invoke: Heroism           |       |     1 |       ||     1
    Use: Scroll            |     5 |    11 |       ||    16
         Potion            |     1 |     5 |     2 ||     8
 Armour: Leather armour    |     4 |       |       ||     4
         Ring mail         |     9 |     4 |       ||    13
         Scale mail        |       |    52 |    12 ||    64
  Dodge: Dodged            |     9 |    49 |    14 ||    72

Table legend:
 A = Non-vault XP
 B = Vault XP
 C = Vault XP percentage of total XP
 D = Non-vault monster count
 E = Vault monster count
 F = Vault count percentage of total count
                 A         B        C        D         E       F
            +---------+---------+-------+---------+---------+-------
      Total |     614 |     163 |  21.0 |      65 |      31 |  32.3
            +---------+---------+-------+---------+---------+-------
        D:1 |      13 |       0 |   0.0 |       6 |       0 |   0.0
        D:2 |      42 |       0 |   0.0 |      16 |       0 |   0.0
        D:3 |      57 |       0 |   0.0 |      15 |       0 |   0.0
        D:4 |     295 |       9 |   3.0 |      17 |       4 |  19.0
        D:5 |     207 |     102 |  33.0 |      11 |      16 |  59.3
      Sewer |       0 |      52 | 100.0 |       0 |      11 | 100.0
            +---------+---------+-------+---------+---------+-------
